 Dungeon Crawl Stone Soup version 0.30-a0-629-gd54f4be4f7 (webtiles) character file.

Game seed: 16601188032864929218

130 bmack86 the Trooper (level 4, -2/41 HPs)
             Began as a Minotaur Fighter on Jan 13, 2023.
             Was an Initiate of Okawaru.
             Slain by an orc priest
             ... wielding a +0 club
              (3 damage)
             ... on level 4 of the Dungeon.
             The game lasted 00:05:00 (2090 turns).

bmack86 the Trooper (Minotaur Fighter)              Turns: 2090, Time: 00:05:01

Health: -2/41      AC:  8    Str: 23    XL:     4   Next: 89%
Magic:  3/3        EV:  9    Int:  5    God:    Okawaru [......]
Gold:   204        SH:  4    Dex:  9    Spells: 3/3 levels left

rFire   . . .      SeeInvis .    a - +0 war axe
rCold   . . .      Faith    .    c - +0 buckler
rNeg    . . .      Spirit   .    b - +0 scale mail
rPois   .          Reflect  .    (helmet restricted)
rElec   .          Harm     .    (no cloak)
rCorr   .          Rampage  .    p - +0 pair of gloves
Will    .....                    (no boots) Stlth
                                 (no amulet)
HPRegen 0.26/turn                (no ring)
MPRegen 0.08/turn                (no ring)

@: mighty
A: horns 2, retaliatory headbutt
a: Renounce Religion


You were on level 4 of the Dungeon.
You worshipped Okawaru.
Okawaru was noncommittal.
You visited 1 branch of the dungeon, and saw 4 of its levels.

You collected 204 gold pieces.

Inventory:

Hand Weapons
 a - a +0 war axe (weapon)
Missiles
 i - 5 poisoned darts
 k - 6 atropa-tipped darts
 q - 5 boomerangs of dispersal (quivered)
Armour
 b - a +0 scale mail (worn)
 c - a +0 buckler (worn)
 p - a +0 pair of gloves (worn)
Wands
 h - a wand of charming (19)
 r - a wand of roots (7)
 s - a wand of light (8)
Scrolls
 e - a scroll of fear {unknown}
 j - 4 scrolls of identify {unknown}
 o - a scroll of teleportation
 t - a scroll of enchant weapon {unknown}
Potions
 d - 2 potions of might
 f - a potion of mutation {unknown}
 g - 3 potions of heal wounds {unknown}
 l - a potion of haste {unknown}
 m - 2 potions of curing {unknown}
 n - a potion of brilliance {unknown}


   Skills:
 * Level 4.8 Fighting
 * Level 4.0 Axes
 + Level 1.0 Throwing
 + Level 4.2 Armour
 + Level 4.2 Shields


You had 3 spell levels left.
You didn't know any spells.
Your spell library contained the following spells:

 Spells                   Type           Power      Damage    Failure   Level
 Sandblast                Erth           0%         2d4       86%         1
 Slow                     Hex            0%         N/A       86%         1
 Passwall                 Tmut/Erth      0%         N/A       95%         2
 Sublimation of Blood     Necr           0%         N/A       95%         2
 Confusing Touch          Hex            0%         N/A       99%         3
 Stone Arrow              Conj/Erth      0%         3d7       99%         3
 Vampiric Draining        Necr           0%         2d6       99%         3
 Anguish                  Hex/Necr       0%         N/A       100%        4
 Passage of Golubria      Tloc           0%         N/A       100%        4
 Petrify                  Tmut/Erth      0%         N/A       100%        4
 Irradiate                Conj/Tmut      0%         3d11      100%        5
 Yara's Violent Unravell  Hex/Tmut       0%         3d3       100%        5
 Enfeeble                 Hex            0%         N/A       100%        7
 Tukima's Dance           Hex            Unusable   N/A       N/A         3

Dungeon Overview and Level Annotations

Branches:
Dungeon (4/15)
 Temple: D:4-7

Altars:
Okawaru
Uskayaw


Innate Abilities, Weirdness & Mutations

You have a pair of horns on your head.
You reflexively headbutt those who attack you in melee.


Message History

The orc hits you with a +0 club.
* * * LOW HITPOINT WARNING * * *
The hobgoblin hits you but does no damage.
The orc hits you with a +0 hand axe.
* * * LOW HITPOINT WARNING * * *
The orc priest looks encouraged for a moment.
You feel very mighty all of a sudden. The orc barely misses you.
The orc hits you with a +0 hand axe.
* * * LOW HITPOINT WARNING * * *
The hobgoblin barely misses you. You block the orc priest's attack.
You closely miss the orc priest.
The orc priest is moderately wounded.
You barely miss the hobgoblin. You completely miss the orc. You hit the orc.
You kill the orc!
Okawaru accepts your kill.
The hobgoblin hits you but does no damage.
The orc barely misses you. The orc priest closely misses you.
You furiously retaliate!
You headbutt the orc priest!
You kill the orc priest!
Okawaru accepts your kill.
Your Axes skill increases to level 4!
Your Throwing skill increases to level 1!
You closely miss the orc. You closely miss the hobgoblin.
You closely miss the orc priest. You block the orc priest's attack.
The hobgoblin barely misses you. You furiously retaliate!
You headbutt the hobgoblin!
You kill the hobgoblin!
Okawaru accepts your kill. The orc hits you but does no damage.
The orc priest hits you but does no damage.
The orc hits you but does no damage.
You barely miss the orc. You barely miss the orc priest.
The orc priest hits you with a +0 club.
* * * LOW HITPOINT WARNING * * *
The orc hits you but does no damage.
You slash the orc!
You kill the orc!
Okawaru accepts your kill.
You slash the orc priest! The orc priest hits you with a +0 club.
You die...

#####...##.##.###
.>..#.......#...##
#.....)......<..#
##....#..#.##...##
#.......#########
...#..>.##.#### ..
###.........
...###.)##.....
......)@# #...
......o## .#
$...... ......#
...... ......
...... ...##


You could see an orc priest.

Vanquished Creatures
  An orc priest (D:4)
  4 adders
  A dart slug (D:3)
  4 orcs
  7 ball pythons
  4 endoplasms
  A giant cockroach (D:1)
  4 goblins
  5 hobgoblins
  3 jackals (D:3)
  4 kobolds
  3 quokkas
  6 bats
  2 frilled lizards
  9 rats
58 creatures vanquished.

Notes
Turn   | Place    | Note
-------+----------+-------------------------------------------
     0 | D:1      | bmack86 the Minotaur Fighter began the quest for the Orb.
     0 | D:1      | Reached XP level 1. HP: 19/19 MP: 0/0
   363 | D:1      | Reached XP level 2. HP: 26/27 MP: 1/1
  1220 | D:2      | Reached XP level 3. HP: 26/33 MP: 2/2
  1397 | D:3      | Noticed a +0 hand axe
  1397 | D:3      | Noticed a +0 dagger
  1397 | D:3      | Found a hide-covered altar of Uskayaw.
  1623 | D:3      | Found an iron altar of Okawaru.
  1633 | D:3      | Became a worshipper of Warmaster Okawaru
  1701 | D:3      | Reached XP level 4. HP: 39/41 MP: 3/3
  2088 | D:4      | Reached skill level 1 in Throwing
  2089 | D:4      | HP: 1/41 [orc priest/+0 club (3)]
  2090 | D:4      | Slain by an orc priest

Illustrated notes

Levels and vault maps discovered:
D:1:      heliophobic_arrival_battle_scene, layout_loops_corners
D:2:      layout_basic
D:3:      layout_rooms, lemuel_crystal_altar, dancing_weapons_uskayaw,
          minmay_vboxes
D:4:      layout_cave_pools, serial_shops, kennysheep_little_box,
          uniq_crazy_yiuf_cottage

Skill      XL: |  1  2  3  4 |
---------------+-------------+-----
Fighting       | 4 |  4.8
Axes           | 3 4 |  4.0
Armour         | 4 |  4.2
Shields        | 4 |  4.2
Throwing       | 1 |  1.0

Action                   |  1- 3 |  4- 6 || total
-------------------------+-------+-------++-------
Melee: War axe           |    84 |    20 ||   104
       Headbutt          |     9 |     1 ||    10
Throw: Boomerang         |     1 |       ||     1
  Use: Scroll            |     1 |       ||     1
       Potion            |       |     1 ||     1
Armor: Scale mail        |    66 |    30 ||    96
Dodge: Dodged            |    69 |    19 ||    88
Block: Buckler           |    33 |     9 ||    42

Table legend: (Time is in decaauts)
 A = Elapsed time spent in this place.
 B = Non-inter-level travel time spent in this place.
 C = Inter-level travel time spent in this place.
 D = Time resting spent in this place.
 E = Time spent auto-exploring this place.
 F = Levels seen in this place.
 G = Mean time per level.
                   A        B        C        D        E       F      G
               +--------+--------+--------+--------+--------+-----+--------+
         Total |   2128 |   1993 |    135 |      0 |   1389 |   4 |  532.0 |
       Dungeon |   2128 |   1993 |    135 |      0 |   1389 |   4 |  532.0 |
               +--------+--------+--------+--------+--------+-----+--------+

Top non-repeatable levels by time:
     D:1: 960 daAuts
     D:3: 686 daAuts
     D:2: 455 daAuts
     D:4: 26 daAuts
